 Dungeon Crawl Stone Soup version 0.28-a0-1334-g1c9ffb4daf (webtiles) character file.

Game seed: 17065636189362655201

58 Grim the Skirmisher (level 4, 0/49 HPs)
             Began as an Ogre Fighter on Dec 28, 2021.
             Slain by an orc wizard (1 damage)
             ... on level 3 of the Dungeon.
             The game lasted 00:02:54 (1878 turns).

Grim the Skirmisher (Ogre Fighter)                  Turns: 1878, Time: 00:02:55

Health: 0/49       AC:  3    Str: 20    XL:     4   Next: 1%
Magic:  4/4        EV: 10    Int:  9    God:
Gold:   58         SH:  0    Dex: 10    Spells: 3/3 levels left

rFire   . . .      SeeInvis .   a - +0 flail
rCold   . . .      Faith    .   (no shield)
rNeg    . . .      Spirit   .   b - +0 robe
rPois   .          Reflect  .   (helmet restricted)
rElec   .          Harm     .   (no cloak)
rCorr   .          Rampage  .   (gloves unavailable)
Will    .....                   (boots unavailable)
Stlth   +.........              (no amulet)
HPRegen 0.16/turn               (no ring)
MPRegen 0.09/turn               (no ring)

@: confused, mighty
A: large, unfitting armour, tough skin 1
a: no special abilities


You were on level 3 of the Dungeon.
You visited 1 branch of the dungeon, and saw 3 of its levels.

You collected 58 gold pieces.

Inventory:

Hand Weapons
 a - a +0 flail (weapon)
Missiles
 g - 116 stones (quivered)
 j - 13 poisoned darts
Armour
 b - a +0 robe (worn)
Scrolls
 e - a scroll of vulnerability {unknown}
 k - a scroll of identify {unknown}
Potions
 c - a potion of heal wounds {unknown}
 d - a potion of might
 f - 4 potions of lignification {unknown}
 h - 2 potions of curing {unknown}
 i - a potion of haste {unknown}


   Skills:
 + Level 4.8 Fighting
 * Level 3.2 Maces & Flails
 - Level 2.6 Dodging
 - Level 2.6 Shields


You had 3 spell levels left.
You didn't know any spells.
Your spell library was empty.

Dungeon Overview and Level Annotations

Branches:
Dungeon (3/15)

Altars:


Innate Abilities, Weirdness & Mutations

You are too large for most types of armour.
You have tough skin. (AC +1)


Message History

You hear some strange, mumbled words.
You are confused.
You barely miss something. Something hits you but does no damage.
You closely miss something. Something hits you.
* * * LOW HITPOINT WARNING * * *
Something hits you.
* * * LOW HITPOINT WARNING * * *
You're too confused to move!
Something hits you but does no damage.
You closely miss something. Something hits you.
* * * LOW HITPOINT WARNING * * *
You bump into the rock wall.
Something hits you.
* * * LOW HITPOINT WARNING * * *
You're too confused to move!
You feel less confused. Something hits you.
* * * LOW HITPOINT WARNING * * *
You barely miss something. Something hits you.
* * * LOW HITPOINT WARNING * * *
You barely miss something.
You hear some strange, mumbled words.
You are confused.
You bump into the rock wall.
You hear some strange, mumbled words.
You are more confused.
You closely miss something. Something hits you.
* * * LOW HITPOINT WARNING * * *
You hear some strange, mumbled words.
Something tries to affect you, but you resist.
You barely miss something. Something hits you.
* * * LOW HITPOINT WARNING * * *
You bump into the rock wall.
The orc shouts!
Something hits you.
* * * LOW HITPOINT WARNING * * *
You barely miss something. Something hits you.
* * * LOW HITPOINT WARNING * * *
You miss something. Something hits you.
* * * LOW HITPOINT WARNING * * *
You closely miss something. Something hits you.
You die...

##########
.........#
#######.##
#..#.# #....#
##o####
########...<#
#.......#####
#.#####@# #{#
#o# ..# .P..
♣.♣.. ≈≈..P.
≈≈≈.... .♣≈
...P#


You could see 2 orcs.

Vanquished Creatures
  An adder (D:2)
  3 orcs (D:3)
  4 ball pythons
  5 endoplasms
  2 giant cockroaches (D:1)
  7 hobgoblins (D:1)
  4 kobolds
  3 quokkas
  A bat (D:1)
  3 frilled lizards (D:1)
  4 goblins (D:1)
  3 rats
40 creatures vanquished.

Vanquished Creatures (others)
  A fungus (D:2)
  A plant (D:3)
2 creatures vanquished.

Grand Total: 42 creatures vanquished

Notes
Turn   | Place    | Note
-------+----------+-------------------------------------------
     0 | D:1      | Grim the Ogre Fighter began the quest for the Orb.
     0 | D:1      | Reached XP level 1. HP: 24/24 MP: 1/1
   185 | D:1      | Reached XP level 2. HP: 32/32 MP: 2/2
   498 | D:1      | Reached XP level 3. HP: 40/40 MP: 3/3
   774 | D:1      | Found a faded altar of an unknown god.
  1843 | D:3      | Reached XP level 4. HP: 29/49 MP: 4/4
  1877 | D:3      | HP: 1/49 [something (3)]
  1878 | D:3      | Slain by an orc wizard

Illustrated notes

Levels and vault maps discovered:
D:1:      evilmike_arrival_plus, layout_loops_ring,
          shapermc_ecumenical_altar_hornbeckon, chequers_serial_rivers_room_b
D:2:      layout_rooms, minmay_shallow_snake_nest
D:3:      layout_basic, serial_bayou_pond_a, st_stairs_10,
          amcnicky_mini_pool_small, saegor_snake_ambush, uniq_natasha

Skill      XL: |  1  2  3 |
---------------+----------+-----
Maces & Flails | 2 3 |  3.2
Fighting       | |  4.8
Dodging        | |  2.6
Shields        | |  2.6

Action                   |  1- 3 |  4- 6 || total
-------------------------+-------+-------++-------
Melee: Flail             |    98 |    27 ||   125
Throw: Stone             |    13 |       ||    13
  Use: Potion            |       |     1 ||     1
Armor: Robe              |    19 |     7 ||    26
Dodge: Dodged            |    60 |     1 ||    61

Table legend: (Time is in decaauts)
 A = Elapsed time spent in this place.
 B = Non-inter-level travel time spent in this place.
 C = Inter-level travel time spent in this place.
 D = Time resting spent in this place.
 E = Time spent auto-exploring this place.
 F = Levels seen in this place.
 G = Mean time per level.
                   A        B        C        D        E       F      G
               +--------+--------+--------+--------+--------+-----+--------+
         Total |   1918 |   1830 |     88 |    341 |   1151 |   3 |  639.3 |
       Dungeon |   1918 |   1830 |     88 |    341 |   1151 |   3 |  639.3 |
               +--------+--------+--------+--------+--------+-----+--------+

Top non-repeatable levels by time:
     D:1: 987 daAuts
     D:2: 849 daAuts
     D:3: 80 daAuts
